 Dungeon Crawl Stone Soup version 0.26-a0-651-gb41185065b (webtiles) character file.

Game seed: 8736681444230285102

8436 kae the Grappler (level 11, 0/77 HPs)
             Began as a Red Draconian Transmuter on Oct 13, 2020.
             Was a Priest of Wu Jian.
             Slain by a catoblepas (14 damage)
             ... while petrified by you
             ... on level 1 of the Lair of Beasts.
             The game lasted 00:11:48 (12518 turns).

kae the Grappler (Red Draconian Transmuter)        Turns: 12518, Time: 00:11:49

Health: 0/77       AC:  2    Str: 23    XL:     11   Next: 9%
Magic:  13/14      EV:  5    Int: 13    God:    Wu Jian [***...]
Gold:   703        SH:  0    Dex: 16    Spells: 8/14 levels left

rFire    . . .     SeeInvis .     - Unarmed
rCold    . . .     Faith    .   (shield currently unavailable)
rNeg     + + +     Spirit   .   (armour unavailable)
rPois    ∞         Reflect  .   (helmet currently unavailable)
rElec    .         Harm     .   (cloak currently unavailable)
rCorr    .         Rampage  .   (gloves currently unavailable)
MR       .....                  (boots currently unavailable)
Stlth    +.........             o - amulet of the acrobat
HPRegen  0.22/turn              g - +4 ring of evasion
MPRegen  0.14/turn              x - +6 ring of strength

@: spider-form (expiring), petrified
A: tiny, (breathe fire), unfitting armour, AC +7
a: End Transformation, Wall Jump, Serpent's Lash, Renounce Religion


You were on level 1 of the Lair of Beasts.
You worshipped Wu Jian.
Wu Jian was most pleased with you.
You were a venomous arachnid creature.
You visited 3 branches of the dungeon, and saw 12 of its levels.

You collected 703 gold pieces.

Inventory:

Armour
 k - a +2 pair of boots (melded)
 y - a scarf of harm
 E - a +1 pair of gloves of strength (melded)
Jewellery
 g - a +4 ring of evasion (left front leg)
 o - an amulet of the acrobat (around neck)
 r - an uncursed ring of see invisible
 s - an uncursed ring of ice
 x - a +6 ring of strength (right front leg)
 z - an uncursed ring of wizardry
Wands
 p - a wand of iceblast (34)
 q - a wand of enslavement (7)
 u - a wand of disintegration (18)
Scrolls
 a - 7 scrolls of teleportation
 j - a scroll of remove curse
 B - a scroll of enchant armour
Potions
 b - a potion of heal wounds
 c - 3 potions of ambrosia
 d - 4 potions of mutation
 e - 3 potions of stabbing
 f - 3 potions of berserk rage
 h - a potion of lignification
 i - a potion of brilliance
 l - a potion of invisibility
 m - a potion of cancellation
 n - 3 potions of magic
 t - 6 potions of curing
 v - 3 potions of might


   Skills:
 - Level 1.1 Fighting
 - Level 1.7 Dodging
 * Level 13.8 Unarmed Combat
 - Level 2.0 Spellcasting
 + Level 10.2 Transmutations


You had 8 spell levels left.
You knew the following spells:

 Your Spells              Type           Power        Failure   Level
a - Beastly Appendage     Tmut           ####..       3%          1
b - Wereblood             Tmut           ####....     3%          2
c - Spider Form           Tmut/Pois      ##........   24%         3

Your spell library contained the following spells:

 Spells                   Type           Power        Failure   Level
 Blade Hands              Tmut           ####......   26%         5
 Animate Skeleton         Necr           #.....       47%         1
 Apportation              Tloc           #.....       47%         1
 Corona                   Hex            #......      47%         1
 Summon Small Mammal      Summ           #...         47%         1
 Ice Form                 Ice/Tmut       ##......     52%         4


Dungeon Overview and Level Annotations

Branches:
Dungeon (10/15)            Temple (1/1) D:5            Lair (1/6) D:8
    Orc (0/2) D:10

Altars:
Ashenzari
Cheibriados
Dithmenos
Elyvilon
Fedhas
Gozag
Hepliaklqana
Kikubaaqudgha
Makhleb
Nemelex Xobeh
Okawaru
Qazlal
Ru
Sif Muna
Trog
Uskayaw
Vehumet
Wu Jian
Xom
Yredelemnul
Zin
The Shining One

Shops:
D:10 }

Annotations:
D:3 1 runed translucent door
D:4 2 runed translucent doors, HoaS's ghost, amateur FoFi


Innate Abilities, Weirdness & Mutations

((You can breathe blasts of fire.))
((Your fiery red scales are hard. (AC +7)))
You cannot fit into any form of body armour.
((Your flesh is heat resistant. (rF+)))
((You are cold-blooded and may be slowed by cold attacks.))


Message History

The catoblepas looks as sick as possible!
The catoblepas is heavily wounded.
You are engulfed in calcifying dust.
The catoblepas closely misses you.
Your limbs are stiffening.
Unknown command.
Unknown command.
Unknown command.
You hit the catoblepas but do no damage.
The catoblepas looks as sick as possible!
The catoblepas is heavily wounded.
You are engulfed in calcifying dust.
The catoblepas gores you!
You have turned to stone.
You are engulfed in calcifying dust.
The catoblepas gores you!!
You are engulfed in calcifying dust.
The catoblepas gores you.
You are engulfed in calcifying dust.
The catoblepas gores you!!
* * * LOW HITPOINT WARNING * * *
The catoblepas completely misses you.
Your transformation is almost over.
The catoblepas gores you!!
You die...

..##. ..... . .....# .
. ......######.#.>
......#....#..#
...##........###
....#.Y............
.......s....^......
....#.......#..... P
#...######...# #.
#.##..###P...# ...
........#.##....####...
.##.#.#................
#.......†.......#...
#..........P...##..#
#.......####...P..#


You could see a catoblepas (extremely poisoned).

Vanquished Creatures
  Erica (D:9)
  Maurice (D:9)
  Joseph (D:7)
  Psyche (D:8)
  A cane toad (Lair:1)
  Maggie (D:9)
  Prince Ribbit (D:6)
  Grinder (D:6)
  2 hornets (D:9)
  2 hippogriffs
  Sigmund (D:2)
  Eustachio (D:6)
  A steam dragon (D:8)
  2 wargs (D:8)
  A water moccasin (Lair:1)
  2 black bears
  4 orc warriors
  5 phantoms
  2 ice beasts
  7 ogres
  2 sky beasts
  2 centaurs
  9 bullfrogs
  A big kobold (D:8)
  A water moccasin zombie (D:5)
  A wyvern skeleton (D:7)
  A scorpion (D:10)
  6 wights (D:6)
  5 howler monkeys
  A bullfrog zombie (D:9)
  A jelly (D:8)
  4 orc priests
  4 bullfrog skeletons
  5 hounds
  9 orc wizards
  A centaur skeleton (D:4)
  Terence (D:2)
  3 iguanas
  8 worker ants
  A killer bee zombie (D:10)
  A hound skeleton (D:7)
  A hound zombie (D:10)
  A worker ant zombie (D:9)
  9 gnolls
  9 adders
  A shadow imp (D:7)
  2 white imps
  3 ufetubi
  2 oozes
  An adder zombie (D:6)
  3 adder skeletons
  A dart slug (D:3)
  7 leopard geckos
  24 orcs
  A ball python (D:4)
  9 giant cockroaches
  6 goblins
  7 hobgoblins
  8 jackals
  2 quokkas
  4 bats
  11 frilled lizards
  A goblin zombie (D:3)
  A jackal zombie (D:7)
  11 kobolds
  2 leopard gecko skeletons (D:5)
  A leopard gecko zombie (D:5)
  2 quokka skeletons
  A quokka zombie (D:5)
  5 rats
241 creatures vanquished.

Vanquished Creatures (collateral kills)
  An orc wizard (D:8)
  An orc (D:8)
2 creatures vanquished.

Vanquished Creatures (others)
  2 plants (D:8)
2 creatures vanquished.

Grand Total: 245 creatures vanquished

Notes
Turn   | Place    | Note
-------+----------+-------------------------------------------
     0 | D:1      | kae the Draconian Transmuter began the quest for the Orb.
     0 | D:1      | Reached XP level 1. HP: 16/16 MP: 3/3
   185 | D:1      | Reached XP level 2. HP: 23/23 MP: 3/5
   189 | D:1      | Learned a level 2 spell: Wereblood
   524 | D:1      | Reached XP level 3. HP: 28/28 MP: 4/6
   534 | D:1      | Learned a level 3 spell: Spider Form
   549 | D:1      | Reached skill level 4 in Unarmed Combat
  1151 | D:2      | Reached XP level 4. HP: 35/35 MP: 5/7
  1228 | D:2      | Noticed Sigmund
  1612 | D:2      | Noticed Terence
  1616 | D:2      | Killed Sigmund
  1616 | D:2      | Reached skill level 5 in Unarmed Combat
  1616 | D:2      | Reached XP level 5. HP: 30/40 MP: 4/8
  1616 | D:2      | Reached XP level 6. HP: 36/47 MP: 4/9
  1625 | D:2      | Killed Terence
  2168 | D:3      | Noticed a human
  2169 | D:3      | Found a runed translucent door.
  2171 | D:3      | Found a basalt altar of Yredelemnul.
  2217 | D:3      | Reached skill level 6 in Unarmed Combat
  2533 | D:3      | Found a radiant altar of Vehumet.
  2743 | D:3      | Found a snail-covered altar of Cheibriados.
  2753 | D:3      | Found a bloodstained altar of Trog.
  2850 | D:4      | Found an iron altar of Okawaru.
  3231 | D:4      | Your scales start taking on a fiery red colour.
  3231 | D:4      | Reached XP level 7. HP: 52/52 MP: 8/10
  3231 | D:4      | Gained mutation: Your flesh is heat resistant. (rF+) [Red
                  | Draconian growth]
  3266 | D:4      | Reached skill level 7 in Unarmed Combat
  3324 | D:4      | Found a stormy altar of Qazlal.
  3436 | D:4      | Reached skill level 5 in Transmutations
  3475 | D:4      | Found a large runed translucent door.
  3476 | D:4      | Found a large runed translucent door.
  3476 | D:4      | Noticed HoaS's ghost (amateur FoFi)
  3702 | D:5      | Entered Level 5 of the Dungeon
  3975 | D:5      | Found a staircase to the Ecumenical Temple.
  3988 | Temple   | Entered the Ecumenical Temple
  4214 | Temple   | Became a worshipper of the Wu Jian Council
  4289 | D:5      | Reached skill level 8 in Unarmed Combat
  4445 | D:5      | Reached XP level 8. HP: 43/59 MP: 11/11
  4725 | D:5      | Found a hazy altar of Hepliaklqana.
  4867 | D:6      | Noticed Grinder
  4870 | D:6      | Paralysed by Grinder for 2 turns
  4877 | D:6      | Paralysed by Grinder for 3 turns
  4887 | D:6      | Killed Grinder
  4887 | D:6      | Reached skill level 9 in Unarmed Combat
  5470 | D:6      | Reached * piety under Wu Jian
  5770 | D:6      | Noticed Prince Ribbit
  5793 | D:6      | Killed Prince Ribbit
  5793 | D:6      | Reached skill level 10 in Unarmed Combat
  5793 | D:6      | Reached XP level 9. HP: 32/64 MP: 10/12
  5959 | D:6      | Noticed Eustachio
  5966 | D:6      | Killed Eustachio
  7331 | D:7      | Reached skill level 11 in Unarmed Combat
  7873 | D:7      | Noticed Joseph
  7894 | D:7      | Killed Joseph
  8149 | D:7      | Found a sacrificial altar of Ru.
  8396 | D:8      | Reached XP level 10. HP: 10/71 MP: 11/13
  8745 | D:8      | Reached skill level 12 in Unarmed Combat
  9052 | D:8      | Reached ** piety under Wu Jian
  9116 | D:8      | Noticed Psyche
  9144 | D:8      | Killed Psyche
  9267 | D:8      | Found a staircase to the Lair.
 10244 | D:9      | Noticed Erica
 10250 | D:9      | Killed Erica
 10250 | D:9      | Reached skill level 13 in Unarmed Combat
 10278 | D:9      | Noticed Maurice
 10278 | D:9      | Noticed Maggie
 10313 | D:9      | Killed Maurice
 10318 | D:9      | Killed Maggie
 11093 | D:9      | Found a sacrificial altar of Ru.
 11411 | D:10     | Entered Level 10 of the Dungeon
 11541 | D:10     | Reached skill level 10 in Transmutations
 11553 | D:10     | Reached *** piety under Wu Jian
 11717 | D:10     | Reached XP level 11. HP: 77/77 MP: 10/14
 11744 | D:10     | Found Xazxeg's Gadget Boutique.
 11762 | D:10     | Found a staircase to the Orcish Mines.
 12343 | D:10     | Found a shimmering altar of Xom.
 12458 | Lair:1   | Entered Level 1 of the Lair of Beasts
 12499 | Lair:1   | Noticed a catoblepas
 12518 | Lair:1   | Slain by a catoblepas

Illustrated notes

Levels and vault maps discovered:
D:1:      dpeg_arrival_tiny_d, layout_rooms
D:2:      layout_loops_ring, mrwooster_statue_mirror, dk_vineyard_1,
          uniq_terence, uniq_sigmund
D:3:      layout_loops_ring, vehumet_crystals, amethyst_overflow_temple_binary,
          minivault_19, dk_yredelemnul_ordeal
D:4:      layout_loops_cross, grunt_qazlal_clouds, okawaru_altar_gauntlet_db,
          ebering_ghost_disaster_area
D:5:      layout_basic, lemuel_coloured_pillars_altar,
          minmay_temple_entry_junction
D:6:      layout_rooms, serial_co_window_serial, co_window_paths_a,
          co_window_paths_a, co_window_paths_a, co_window_corner_a,
          co_window_paths_b, co_window_corner_cb, co_window_of_opportunity_b,
          co_window_broadway_a, co_window_broadway_a, co_window_2corner,
          co_window_sun, glass_columns_b, glass_columns_a, glass_columns_a,
          glass_columns_a, glass_columns_a, uniq_eustachio, uniq_prince_ribbit1,
          uniq_grinder
D:7:      layout_loops_ring, roderic_serpentine_path, nicolae_ru_path_of_blood,
          uniq_joseph
D:8:      layout_loops_cross, erik_lair_orcish_takeover, uniq_psyche
D:9:      layout_stronghold, basic_altar, nicolae_benzene_ring, uniq_maurice,
          uniq_erica, uniq_maggie
D:10:     layout_loops_ring, david_orc_3, serial_shops, kennysheep_mini, tgw_xom
Temple:   regret_index_temple_generic_petals
Lair:1:   layout_misc_corridors, minmay_lair_oklob_chamber, grunt_megastairs_5

Skill      XL: |  1  2  3  4  5  6  7  8  9 10 |
---------------+-------------------------------+-----
Unarmed Combat | 4 5 6 8 10 11 13 | 13.8
Transmutations | 3 4 5 7 8 10 | 10.2
Fighting       | |  1.1
Dodging        | |  1.7
Spellcasting   | |  2.0

Action                   |  1- 3 |  4- 6 |  7- 9 | 10-12 || total
-------------------------+-------+-------+-------+-------++-------
Melee: Unarmed           |    99 |   113 |   294 |   227 ||   733
       Headbutt          |    12 |     7 |    13 |     9 ||    41
       Kick              |    16 |    10 |    18 |     6 ||    50
       Tailslap          |     4 |     4 |    19 |    11 ||    38
       Punch             |     2 |     3 |     4 |     2 ||    11
 Cast: Beastly Appendage |    25 |    13 |    23 |    11 ||    72
       Spider Form       |       |     5 |    20 |    16 ||    41
Invok: Lunge             |       |       |    15 |    19 ||    34
       Whirlwind         |       |       |     1 |     3 ||     4
 Abil: Breathe Fire      |       |       |    10 |     5 ||    15
Evoke: Wand              |       |       |       |     3 ||     3
  Use: Scroll            |     2 |     9 |     7 |    11 ||    29
       Potion            |       |     1 |       |       ||     1
 Stab: Sleeping          |       |       |     1 |     1 ||     2
Armor: Skin              |    29 |    23 |    32 |    19 ||   103
Dodge: Dodged            |    66 |    94 |   241 |   182 ||   583

Table legend: (Time is in decaauts)
 A = Elapsed time spent in this place.
 B = Non-inter-level travel time spent in this place.
 C = Inter-level travel time spent in this place.
 D = Time resting spent in this place.
 E = Time spent auto-exploring this place.
 F = Levels seen in this place.
 G = Mean time per level.
                   A        B        C        D        E       F      G
               +--------+--------+--------+--------+--------+-----+--------+
         Total |  12416 |  11855 |    561 |    153 |   9967 |  12 | 1034.7 |
       Dungeon |  12106 |  11603 |    503 |    153 |   9745 |  10 | 1210.6 |
        Temple |    253 |    196 |     57 |      0 |    191 |   1 |  253.0 |
          Lair |     57 |     57 |      0 |      0 |     31 |   1 |   57.0 |
               +--------+--------+--------+--------+--------+-----+--------+

Top non-repeatable levels by time:
     D:6: 1863 daAuts
     D:8: 1544 daAuts
     D:7: 1506 daAuts
     D:9: 1373 daAuts
     D:2: 1359 daAuts
     D:5: 1264 daAuts
     D:4: 894 daAuts
    D:10: 874 daAuts
     D:1: 749 daAuts
     D:3: 675 daAuts
  Temple: 253 daAuts
  Lair:1: 57 daAuts
